 Dungeon Crawl Stone Soup version 0.23.2-1-ga50397a (webtiles) character file.

Game seed: 18444384251021840223

75 Magicfruit the Poker (level 4, 0/37 HPs)
             Began as a Human Monk on May 19, 2019.
             Slain by Robin
             ... wielding a +0 spear
              (4 damage)
             ... on level 3 of the Dungeon.
             The game lasted 00:09:32 (2221 turns).

Magicfruit the Poker (Human Monk)                   Turns: 2221, Time: 00:09:33

Health: 0/37       AC:  2    Str: 11 (13) XL:     4   Next: 55%
Magic:  4/4        EV: 13    Int:  7 (10) God:
Gold:   66         SH:  0    Dex: 12 (15) Spells: 3/3 levels left

rFire    . . .     SeeInvis .   a - +1 spear
rCold    . . .     Gourm    .   (no shield)
rNeg     . . .     Faith    .   d - +0 robe
rPois    .         Spirit   .   (no helmet)
rElec    .         Reflect  .   (no cloak)
rCorr    .         Harm     .   (no gloves)
MR       .....                  (no boots)
Stlth    ++........             (no amulet)
HPRegen  0.12/turn              (no ring)
MPRegen  0.09/turn              (no ring)

@: no status effects
A: no striking features
a: no special abilities


You were on level 3 of the Dungeon.
You were hungry.

You visited 1 branch of the dungeon, and saw 3 of its levels.

You collected 66 gold pieces.

Inventory:

Hand Weapons
 a - a +1 spear (weapon)
Armour
 b - a +0 robe
 d - a +0 robe (worn)
 g - a +0 robe
 h - a +0 robe
Scrolls
 e - a scroll of identify
 i - a scroll of remove curse
Comestibles
 c - 3 rations


   Skills:
 + Level 3.6 Fighting
 + Level 3.9 Polearms
 + Level 3.6 Dodging
 + Level 2.1 Stealth


You had 3 spell levels left.
You didn't know any spells.
Your spell library contained the following spells:

 Spells                   Type           Power        Failure   Level  Hunger
 Animate Skeleton         Necr           N/A          43%         1    ##.....
 Apportation              Tloc           #.....       43%         1    ##.....
 Confusing Touch          Hex            #.....       43%         1    ##.....
 Summon Small Mammal      Summ           #...         43%         1    ##.....


Dungeon Overview and Level Annotations

Branches:
Dungeon (3/15)

Altars:
Ashenzari
Makhleb

Annotations:
D:3 Robin


Message History

You barely miss the hobgoblin. The hobgoblin hits you with a +0 club!
* * * LOW HITPOINT WARNING * * *
You closely miss the hobgoblin. The hobgoblin hits you with a +0 club.
* * * LOW HITPOINT WARNING * * *
You hit the hobgoblin.
The hobgoblin is heavily wounded.
The hobgoblin barely misses you.
You hit the hobgoblin.
You kill the hobgoblin!
You hit the jackal but do no damage. The jackal bites you.
* * * LOW HITPOINT WARNING * * *
You hit the jackal.
You kill the jackal!
Robin hits you from afar with a +0 spear.
* * * LOW HITPOINT WARNING * * *
A bat comes into view.
The bat barely misses you.
You barely miss the bat. The bat hits you but does no damage.
Robin hits you from afar with a +0 spear.
You die...

.......#..#
######...## ##†##
#.# #.## #..#
#######.###
######.............
#.@.b..............
#.#############..##
#g# #..# #.# #..#
#.# #..# #.# #.#.##
#### #.# #.###.#
..# #.# ###.# ##.
#.# #)# ..# ##


You could see Robin and a bat.

Vanquished Creatures
  An adder (D:2)
  An ooze (D:1)
  A worm (D:2)
  A dart slug (D:1)
  An orc (D:3)
  2 giant cockroaches
  12 goblins
  3 hobgoblins (D:3)
  7 jackals
  9 kobolds
  A quokka (D:2)
  4 bats (D:2)
  A frilled lizard (D:1)
  7 rats
51 creatures vanquished.

Notes
Turn   | Place    | Note
-------+----------+-------------------------------------------
     0 | D:1      | Magicfruit the Human Monk began the quest for the Orb.
     0 | D:1      | Reached XP level 1. HP: 18/18 MP: 1/1
     6 | D:1      | Noticed a water moccasin
     7 | D:1      | Noticed a swamp drake
    52 | D:1      | Reached XP level 2. HP: 2/24 MP: 2/2
    53 | D:1      | HP: 1/24 [jackal (1)]
   888 | D:1      | Reached XP level 3. HP: 25/29 MP: 3/3
   942 | D:2      | Found a shattered altar of Ashenzari.
  1165 | D:2      | Found a faded altar of an unknown god.
  1172 | D:2      | Became a worshipper of Makhleb the Destroyer
  1172 | D:2      | Reached * piety under Makhleb
  1172 | D:2      | Reached ** piety under Makhleb
  1563 | D:2      | Reached *** piety under Makhleb
  1563 | D:2      | Reached XP level 4. HP: 8/35 MP: 4/4
  1564 | D:2      | Fell from the grace of Makhleb
  2130 | D:3      | Noticed Robin
  2221 | D:3      | Slain by Robin

Action                   |  1- 3 |  4- 6 || total
-------------------------+-------+-------++-------
Melee: Spear             |   139 |    60 ||   199
Invok: Renounce Religion |       |     1 ||     1
  Use: Potion            |     3 |       ||     3
       Scroll            |     5 |     1 ||     6
 Stab: Sleeping          |     2 |       ||     2
  Eat: Ration            |     1 |       ||     1
Armor: Robe              |    39 |     8 ||    47
Dodge: Dodged            |   121 |    43 ||   164
